TOP OF THE 1ST |
Penquannock Overrated Jeter batting - Pitching for Kingston Iguanas : RHP Paço Boda
|
Pitching: RHP Paço Boda
|
|
Batting: RHB Aaron Holt
|
0-0: Ball 1-0: Ground out 5-3 (Groundball, 5)
|
Batting: RHB Phil Wright
|
0-0: Ball 1-0: Ball 2-0: SINGLE (Groundball, 34D)
|
Batting: RHB Bernardo Enríquez
|
0-0: Ball 1-0: Ball 2-0: Called Strike 2-1: SINGLE (Groundball, 6S) (infield hit) Phil Wright to second
|
Batting: RHB Armando Pagán
|
0-0: Swinging Strike 0-1: Foul Ball, location: 2F 0-2: Ball 1-2: Ball 2-2: Foul Ball, location: 2F 2-2: SINGLE (Line Drive, 4M) Phil Wright to third Bernardo Enríquez to second
|
Batting: LHB Pete Weber
|
0-0: SINGLE (Flyball, 89S) Phil Wright scores Bernardo Enríquez to third Armando Pagán to second
|
Batting: LHB Tony Green
|
0-0: Ball 1-0: Ball 2-0: Ball 3-0: Foul Ball, location: 2F 3-1: Base on Balls Bernardo Enríquez scores Armando Pagán to third Pete Weber to second
|
Batting: LHB Ron Robinson
|
0-0: Ball 1-0: Foul Ball, location: 2F 1-1: Swinging Strike 1-2: SINGLE (Groundball, 34D) Armando Pagán scores Pete Weber to third Tony Green to second Runner from 3rd tries for Home, SAFE, throw made home Tony Green to third Ron Robinson to second
|
Batting: RHB Manny Perea
|
0-0: Ball 1-0: Foul Ball, location: 2F 1-1: Ball 2-1: Fly out, F3 (Flyball, 34D)
|
Batting: LHB Matt Reese
|
0-0: Ball 1-0: Foul Ball, location: 2F 1-1: Ball 2-1: Foul Ball, location: 2F 2-2: Ball 3-2: Foul Ball, location: 2F 3-2: Foul Ball, location: 2F 3-2: Base on Balls
|
Batting: RHB Aaron Holt
|
0-0: Ball 1-0: Called Strike 1-1: Ball 2-1: Called Strike 2-2: Strikes out swinging
|
Top of the 1st over - 4 run(s), 5 hit(s), 0 error(s), 3 left on base; Penquannock 4 - Kingston 0 |
BOTTOM OF THE 1ST |
Kingston Iguanas batting - Pitching for Penquannock Overrated Jeter : RHP Dustin Lynch
|
Pitching: RHP Dustin Lynch
|
|
Batting: RHB Bob Lee
|
0-0: Swinging Strike 0-1: Ball 1-1: Ball 2-1: Called Strike 2-2: Ball 3-2: Foul Ball, location: 2F 3-2: Strikes out swinging
|
Batting: RHB Sergio Mata
|
0-0: Foul Ball, location: 2F 0-1: Foul Ball, location: 2F 0-2: Strikes out swinging
|
Batting: LHB Jon Quinn
|
0-0: Called Strike 0-1: Ball 1-1: Ground out 4-3 (Groundball, 4)
|
Bottom of the 1st over - 0 run(s), 0 hit(s), 0 error(s), 0 left on base; Penquannock 4 - Kingston 0 |
TOP OF THE 2ND |
Penquannock Overrated Jeter batting - Pitching for Kingston Iguanas : RHP Paço Boda
|
Batting: RHB Phil Wright
|
0-0: Ball 1-0: Called Strike 1-1: Ball 2-1: Ball 3-1: Called Strike 3-2: Base on Balls
|
Batting: RHB Bernardo Enríquez
|
0-0: Ball 1-0: Grounds into double play, 5-4-3 (Groundball, 5L)
|
Batting: RHB Armando Pagán
|
0-0: Ball 1-0: Ball 2-0: Ball 3-0: Called Strike 3-1: Base on Balls
|
Batting: LHB Pete Weber
|
0-0: Called Strike Armando Pagán is caught stealing 2nd base
|
Top of the 2nd over - 0 run(s), 0 hit(s), 0 error(s), 0 left on base; Penquannock 4 - Kingston 0 |
BOTTOM OF THE 2ND |
Kingston Iguanas batting - Pitching for Penquannock Overrated Jeter : RHP Dustin Lynch
|
Batting: LHB Dusty Wilson
|
0-0: Called Strike 0-1: Ball 1-1: Foul Ball, location: 2F 1-2: Ball 2-2: Foul Ball, location: 2F 2-2: Fly out, F8 (Flyball, 8RD)
|
Batting: RHB Tommy Davenport
|
0-0: Foul Ball, location: 2F 0-1: Ball 1-1: Ball 2-1: DOUBLE (Flyball, 9LM)
|
Batting: SHB Devin Smith
|
0-0: Ball 1-0: Swinging Strike 1-1: Ball 2-1: Foul Ball, location: 2F 2-2: Strikes out swinging
|
Batting: LHB Davey Casey
|
0-0: Foul Ball, location: 2F 0-1: Ground out U3 (Groundball, 34)
|
Bottom of the 2nd over - 0 run(s), 1 hit(s), 0 error(s), 1 left on base; Penquannock 4 - Kingston 0 |
TOP OF THE 3RD |
Penquannock Overrated Jeter batting - Pitching for Kingston Iguanas : RHP Paço Boda
|
Batting: LHB Pete Weber
|
0-0: Ball 1-0: Foul Ball, location: 2F 1-1: Foul Ball, location: 2F 1-2: Foul Ball, location: 2F 1-2: Fly out, F8 (Flyball, 8RD)
|
Batting: LHB Tony Green
|
0-0: Foul Ball, location: 2F 0-1: Ball 1-1: Ball 2-1: Ball 3-1: Foul Ball, location: 2F 3-2: Foul Ball, location: 2F 3-2: Base on Balls
|
Batting: LHB Ron Robinson
|
0-0: Ball 1-0: Ball Wild Pitch! Tony Green to second 2-0: Called Strike 2-1: Swinging Strike 2-2: Strikes out swinging
|
Batting: RHB Manny Perea
|
0-0: Reached via error on a dropped throw, E3 Tony Green to third
|
Batting: LHB Matt Reese
|
0-0: Called Strike 0-1: Called Strike 0-2: Ball 1-2: Ground out U3 (Groundball, 23)
|
Top of the 3rd over - 0 run(s), 0 hit(s), 1 error(s), 2 left on base; Penquannock 4 - Kingston 0 |
BOTTOM OF THE 3RD |
Kingston Iguanas batting - Pitching for Penquannock Overrated Jeter : RHP Dustin Lynch
|
Batting: RHB Ken MacDonald
|
0-0: Called Strike 0-1: DOUBLE (Line Drive, 7)
|
Batting: SHB John Beach
|
0-0: Called Strike 0-1: Foul Ball, location: 2F 0-2: Ball 1-2: SINGLE (Flyball, 8RS) Ken MacDonald to third
|
Batting: RHB Bob Lee
|
0-0: Ball 1-0: Called Strike 1-1: Ball 2-1: Ball 3-1: Called Strike 3-2: Fly out, F8 (Flyball, 8RM)
|
Batting: RHB Sergio Mata
|
0-0: Called Strike 0-1: Fly out, F9 (Flyball, 89M) Runner from 3rd tags up, SCORES, no throw
|
Batting: LHB Jon Quinn
|
0-0: Reached on error, E4 (Groundball, 34) John Beach to second
|
Batting: LHB Dusty Wilson
|
0-0: Called Strike 0-1: Ground out 4-3 (Groundball, 34D)
|
Bottom of the 3rd over - 1 run(s), 2 hit(s), 1 error(s), 2 left on base; Penquannock 4 - Kingston 1 |
TOP OF THE 4TH |
Penquannock Overrated Jeter batting - Pitching for Kingston Iguanas : RHP Paço Boda
|
Batting: RHB Aaron Holt
|
0-0: Ball 1-0: Called Strike 1-1: Ball 2-1: Foul Ball, location: 2F 2-2: Ball 3-2: Base on Balls
|
Batting: RHB Phil Wright
|
0-0: Fly out, F8 (Flyball, 8RM)
|
Batting: RHB Bernardo Enríquez
|
0-0: Ball Aaron Holt is caught stealing 2nd base 1-0: Called Strike 1-1: Ball 2-1: Foul Ball, location: 2F 2-2: Ball 3-2: Base on Balls
|
Batting: RHB Armando Pagán
|
0-0: Ball 1-0: DOUBLE (Groundball, 5L) Bernardo Enríquez to third
|
Batting: LHB Pete Weber
|
0-0: 3-RUN HOME RUN (Flyball, 9LD), Distance : 338 ft
|
Pitching: RHP Bo Adams
|
|
Batting: LHB Tony Green
|
0-0: Ball 1-0: Foul Ball, location: 2F 1-1: Ball 2-1: SINGLE (Groundball, 6MD)
|
Batting: LHB Ron Robinson
|
0-0: Ball 1-0: Called Strike 1-1: Fielders Choice at 2nd, 6-4 (Groundball, 6)
|
Top of the 4th over - 3 run(s), 3 hit(s), 0 error(s), 0 left on base; Penquannock 7 - Kingston 1 |
BOTTOM OF THE 4TH |
Kingston Iguanas batting - Pitching for Penquannock Overrated Jeter : RHP Dustin Lynch
|
Batting: RHB Tommy Davenport
|
0-0: SINGLE (Line Drive, 6M)
|
Batting: SHB Devin Smith
|
0-0: Foul Ball, location: 2F 0-1: Called Strike 0-2: Ball 1-2: Ball 2-2: Foul Ball, location: 2F 2-2: Fly out, F7 (Line Drive, 78D)
|
Batting: LHB Davey Casey
|
0-0: Foul Ball, location: 2F 0-1: Grounds into double play, 4-6-3 (Groundball, 4)
|
Bottom of the 4th over - 0 run(s), 1 hit(s), 0 error(s), 0 left on base; Penquannock 7 - Kingston 1 |
TOP OF THE 5TH |
Penquannock Overrated Jeter batting - Pitching for Kingston Iguanas : RHP Bo Adams
|
Batting: RHB Manny Perea
|
0-0: Swinging Strike 0-1: Foul Ball, location: 2F 0-2: Fly out, F6 (Line Drive, 6)
|
Batting: LHB Matt Reese
|
0-0: Ground out 6-3 (Groundball, 6)
|
Batting: RHB Aaron Holt
|
0-0: Called Strike 0-1: Swinging Strike 0-2: Ball 1-2: Strikes out looking
|
Top of the 5th over - 0 run(s), 0 hit(s), 0 error(s), 0 left on base; Penquannock 7 - Kingston 1 |
BOTTOM OF THE 5TH |
Kingston Iguanas batting - Pitching for Penquannock Overrated Jeter : RHP Dustin Lynch
|
Batting: RHB Ken MacDonald
|
0-0: Ball 1-0: Ball 2-0: SINGLE (Line Drive, 56)
|
Batting: SHB John Beach
|
0-0: Ball 1-0: Called Strike 1-1: Called Strike 1-2: Foul Ball, location: 2F 1-2: Ball 2-2: Ball 3-2: Fly out, F6 (Popup, 56D)
|
Batting: RHB Bob Lee
|
0-0: Called Strike 0-1: Ball 1-1: Ball 2-1: Called Strike 2-2: Foul Ball, location: 2F 2-2: Foul Ball, location: 2F 2-2: Ball 3-2: Foul Ball, location: 2F 3-2: Foul Ball, location: 2F 3-2: Foul Ball, location: 2F 3-2: Base on Balls Ken MacDonald to second
|
Batting: RHB Sergio Mata
|
0-0: Ball 1-0: Swinging Strike 1-1: Called Strike 1-2: Strikes out swinging
|
Batting: LHB Jon Quinn
|
0-0: Fly out, F9 (Flyball, 9LD)
|
Bottom of the 5th over - 0 run(s), 1 hit(s), 0 error(s), 2 left on base; Penquannock 7 - Kingston 1 |
TOP OF THE 6TH |
Penquannock Overrated Jeter batting - Pitching for Kingston Iguanas : RHP Bo Adams
|
Batting: RHB Phil Wright
|
0-0: Swinging Strike 0-1: Called Strike 0-2: Strikes out swinging
|
Batting: RHB Bernardo Enríquez
|
0-0: Ball 1-0: Ball 2-0: Called Strike 2-1: SOLO HOME RUN (Flyball, 9D), Distance : 373 ft
|
Batting: RHB Armando Pagán
|
0-0: Ball 1-0: Fly out, F7 (Flyball, 7S)
|
Batting: LHB Pete Weber
|
0-0: Ball 1-0: Ground out U3 (Groundball, 3L)
|
Top of the 6th over - 1 run(s), 1 hit(s), 0 error(s), 0 left on base; Penquannock 8 - Kingston 1 |
BOTTOM OF THE 6TH |
Kingston Iguanas batting - Pitching for Penquannock Overrated Jeter : RHP Dustin Lynch
|
Batting: LHB Dusty Wilson
|
0-0: Ball 1-0: Ball 2-0: Called Strike 2-1: Ground out 4-3 (Groundball, 4)
|
Pitching: LHP Héctor Díaz
|
|
Batting: RHB Tommy Davenport
|
0-0: Called Strike 0-1: Ball 1-1: Called Strike 1-2: Ball 2-2: Foul Ball, location: 2F 2-2: Foul Ball, location: 2F 2-2: Foul Ball, location: 2F 2-2: Foul Ball, location: 2F 2-2: Ball 3-2: Foul Ball, location: 2F 3-2: Strikes out looking
|
Batting: SHB Devin Smith
|
0-0: Ball 1-0: Ball 2-0: Called Strike 2-1: Swinging Strike 2-2: Ball 3-2: Fly out, F3 (Popup, 3L)
|
Bottom of the 6th over - 0 run(s), 0 hit(s), 0 error(s), 0 left on base; Penquannock 8 - Kingston 1 |
TOP OF THE 7TH |
Penquannock Overrated Jeter batting - Pitching for Kingston Iguanas : RHP Bo Adams
|
Batting: LHB Tony Green
|
0-0: Ball 1-0: Called Strike 1-1: Swinging Strike 1-2: Ball 2-2: Ground out U3 (Groundball, 3)
|
Batting: LHB Ron Robinson
|
0-0: Fly out, F7 (Flyball, 7S)
|
Batting: RHB Manny Perea
|
0-0: Foul Ball, location: 2F 0-1: Ground out 5-3 (Groundball, 56)
|
Top of the 7th over - 0 run(s), 0 hit(s), 0 error(s), 0 left on base; Penquannock 8 - Kingston 1 |
BOTTOM OF THE 7TH |
Kingston Iguanas batting - Pitching for Penquannock Overrated Jeter : LHP Héctor Díaz
|
Batting: LHB Davey Casey
|
0-0: Fly out, F6 (Line Drive, 6)
|
Batting: RHB Ken MacDonald
|
0-0: Foul Ball, location: 2F 0-1: Called Strike 0-2: Ball 1-2: Strikes out swinging, 2-3 out at first.
|
Batting: SHB John Beach
|
0-0: Ball 1-0: Foul Ball, location: 2F 1-1: Ball 2-1: Ball 3-1: Base on Balls
|
Batting: RHB Bob Lee
|
0-0: Ball 1-0: Foul Ball, location: 2F 1-1: Foul Ball, location: 2F 1-2: Foul Ball, location: 2F 1-2: Strikes out swinging
|
Bottom of the 7th over - 0 run(s), 0 hit(s), 0 error(s), 1 left on base; Penquannock 8 - Kingston 1 |
TOP OF THE 8TH |
Penquannock Overrated Jeter batting - Pitching for Kingston Iguanas : RHP Bo Adams
|
Pitching: RHP Ron Jenkins
|
|
Batting: LHB Matt Reese
|
0-0: Ball 1-0: Called Strike 1-1: Called Strike 1-2: Ball 2-2: Ball 3-2: Fly out, F8 (Flyball, 78M)
|
Batting: RHB Aaron Holt
|
0-0: Ball 1-0: Ball 2-0: Called Strike 2-1: Swinging Strike 2-2: Strikes out swinging
|
Batting: RHB Phil Wright
|
0-0: Called Strike 0-1: SOLO HOME RUN (Flyball, 78XD), Distance : 398 ft
|
Batting: RHB Bernardo Enríquez
|
0-0: Ball 1-0: Called Strike 1-1: Fly out, F9 (Flyball, 89S)
|
Top of the 8th over - 1 run(s), 1 hit(s), 0 error(s), 0 left on base; Penquannock 9 - Kingston 1 |
BOTTOM OF THE 8TH |
Kingston Iguanas batting - Pitching for Penquannock Overrated Jeter : LHP Héctor Díaz
|
Batting: RHB Sergio Mata
|
0-0: Called Strike 0-1: Foul Ball, location: 2F 0-2: Ball 1-2: Ball 2-2: Ball 3-2: Strikes out swinging
|
Batting: LHB Jon Quinn
|
0-0: Ground out 6-3 (Groundball, 6M)
|
Batting: LHB Dusty Wilson
|
0-0: Ball 1-0: Ball 2-0: Ball 3-0: Base on Balls
|
Batting: RHB Tommy Davenport
|
0-0: Ball 1-0: Ball 2-0: Ball 3-0: Base on Balls Dusty Wilson to second
|
Batting: SHB Devin Smith
|
0-0: Ball 1-0: Ball 2-0: Swinging Strike 2-1: Swinging Strike 2-2: Strikes out swinging
|
Bottom of the 8th over - 0 run(s), 0 hit(s), 0 error(s), 2 left on base; Penquannock 9 - Kingston 1 |
TOP OF THE 9TH |
Penquannock Overrated Jeter batting - Pitching for Kingston Iguanas : RHP Ron Jenkins
|
Batting: RHB Armando Pagán
|
0-0: Ball 1-0: Foul Ball, location: 2F 1-1: Foul Ball, location: 2F 1-2: Ball 2-2: Foul Ball, location: 2F 2-2: Ball 3-2: Strikes out swinging
|
Batting: LHB Pete Weber
|
0-0: Ball 1-0: Called Strike 1-1: Called Strike 1-2: Strikes out swinging
|
Batting: LHB Tony Green
|
0-0: Swinging Strike 0-1: Ball 1-1: Ball 2-1: Foul Ball, location: 2F 2-2: Ball 3-2: Ground out 4-3 (Groundball, 4M)
|
Top of the 9th over - 0 run(s), 0 hit(s), 0 error(s), 0 left on base; Penquannock 9 - Kingston 1 |
BOTTOM OF THE 9TH |
Kingston Iguanas batting - Pitching for Penquannock Overrated Jeter : LHP Héctor Díaz
|
Pitching: RHP Leonard Christensen
|
|
Batting: LHB Davey Casey
|
0-0: Ball 1-0: SINGLE (Line Drive, 9S)
|
Batting: RHB Ken MacDonald
|
0-0: Ball 1-0: Foul Ball, location: 2F 1-1: SINGLE (Line Drive, 9S) Davey Casey to second
|
Batting: SHB John Beach
|
0-0: Called Strike 0-1: Ball 1-1: Ball 2-1: Foul Ball, location: 2F 2-2: Ball 3-2: Foul Ball, location: 2F 3-2: Foul Ball, location: 2F 3-2: Base on Balls Davey Casey to third Ken MacDonald to second
|
Batting: RHB Bob Lee
|
0-0: GRAND SLAM HOME RUN (Flyball, 9D), Distance : 374 ft
|
Batting: RHB Sergio Mata
|
0-0: Ball 1-0: Ball 2-0: Called Strike 2-1: Foul Ball, location: 2F 2-2: Strikes out swinging
|
Batting: LHB Jon Quinn
|
0-0: Foul Ball, location: 2F 0-1: DOUBLE (Line Drive, 89D)
|
Batting: LHB Dusty Wilson
|
0-0: Ball 1-0: Foul Ball, location: 2F 1-1: Ball 2-1: SINGLE (Line Drive, 9LS) Jon Quinn to third
|
Batting: RHB Tommy Davenport
|
0-0: Grounds into double play, 5-4-3 (Groundball, 56)
|
Bottom of the 9th over - 4 run(s), 5 hit(s), 0 error(s), 1 left on base; Penquannock 9 - Kingston 5 |
|